 Dungeon Crawl Stone Soup version 0.30.0-5-g1a98f26d00 (webtiles) character file.

Game seed: 1110762126288182620

14 browni3141 the Trooper (level 2, -4/33 HPs)
             Began as an Ogre Delver on May 10, 2023.
             Slain by an iguana (12 damage)
             ... on level 4 of the Dungeon.
             The game lasted 00:01:12 (300 turns).

browni3141 the Trooper (Ogre Delver)                 Turns: 300, Time: 00:01:13

Health: -4/33      AC:  3    Str: 15    XL:     2   Next: 41%
Magic:  2/2        EV:  9    Int: 11    God:
Gold:   0          SH:  0    Dex: 10    Spells: 1/1 levels left

rFire   . . .        a - +0 mace
rCold   . . .        (no shield)
rNeg    . . .        b - +0 robe
rPois   .            (helmet restricted)
rElec   .            (no cloak)
rCorr   .            (gloves unavailable)
SInv    .            (boots unavailable)
Will    .....        (no amulet)
Stlth   ++           (no ring)
HPRegen 0.25/turn    (no ring)
MPRegen 0.08/turn

%: no passive effects
@: no status effects
A: large, unfitting armour, tough skin 1
a: no special abilities


You were on level 4 of the Dungeon.
You visited 1 branch of the dungeon, and saw 2 of its levels.

Inventory:

Hand Weapons
 a - a +0 mace (weapon)
Armour
 b - a +0 robe (worn)
Wands
 g - a wand of digging (3)
 I - a wand of iceblast (4)
Scrolls
 d - a scroll of magic mapping
 e - a scroll of fear
 F - a scroll of fog
Potions
 h - a potion of haste


   Skills:
 + Level 4.4 Fighting
 * Level 2.3 Maces & Flails
 - Level 1.7 Dodging
 - Level 3.7 Stealth
 * Level 0.0 Evocations


You had one spell level left.
You didn't know any spells.
Your spell library was empty.

Dungeon Overview and Level Annotations

Branches:
Dungeon (5/15)
 Temple: D:4-7

Altars:

Portals:
Ossuary: D:4


Innate Abilities, Weirdness & Mutations

You are too large for most types of armour.
You have tough skin. (AC +1)


Message History

You kill the quokka!
You see here a quokka corpse.
You open the door.
There is an open door here.
You start resting.
You hear the slow hiss of a very distant avalanche of sand.
You start resting.
HP restored.
Found a stone staircase leading down.
You hear the slow hiss of a very distant avalanche of sand.
You open the door.
There is an open door here.
There is a shaft here.
An adder comes into view.
The adder hisses angrily.
There is a shaft here.
You hit the adder but do no damage. The adder bites you but does no damage.
You sock the adder! You punch the adder, but do no damage.
The adder is severely wounded.
The adder bites you.
You are poisoned.
The adder poisons you! The adder barely misses you.
You hit the adder but do no damage.
The adder is severely wounded.
You feel very sick. The adder completely misses you.
The adder barely misses you.
You miss the adder.
The adder is severely wounded.
You feel sick. The adder barely misses you.
The adder bites you but does no damage.
You barely miss the adder.
The adder is heavily wounded.
You feel sick. The adder bites you.
You are more poisoned.
The adder poisons you!
You barely miss the adder.
The adder is heavily wounded.
You feel sick.
The adder bites you but does no damage. x2
You closely miss the adder.
The adder is heavily wounded.
You feel sick. The adder closely misses you. The adder bites you.
You closely miss the adder.
The adder is heavily wounded.
You feel sick. The adder closely misses you.
You miss the adder.
The adder is heavily wounded.
You feel sick. The adder bites you but does no damage.
The adder closely misses you.
You closely miss the adder.
The adder is heavily wounded.
You feel sick.
You are no longer poisoned.
The adder bites you but does no damage. The adder barely misses you.
You hit the adder.
The adder is severely wounded.
The adder closely misses you.
You miss the adder.
The adder is severely wounded.
The adder barely misses you. The adder bites you.
* * * LOW HITPOINT WARNING * * *
You hit the adder but do no damage.
The adder is severely wounded.
The adder closely misses you. The adder completely misses you.
You thump the adder!
You kill the adder!
Your Maces & Flails skill increases to level 2!
You have reached level 2!
You see here an adder corpse.
You start resting.
You hear the slow hiss of an avalanche of sand nearby.
There is a shaft here.
You start resting.
You hear the hiss of an avalanche of sand nearby.
You start resting.
HP restored.
An iguana comes into view.
Found a bone wand.
Found a stone staircase leading down.
You hear the hiss of an avalanche of sand very nearby.
I - a wand of iceblast (5)
There are no items here.
Autopickup is now off.
Unknown command.
An endoplasm comes into view.
The helpless endoplasm fails to defend itself.
You thump the endoplasm!
You kill the endoplasm!
No target in view!
Found a black potion.
Found a sand-covered staircase.
The helpless iguana fails to defend itself.
You hit the iguana but do no damage. The iguana bites you!
You closely miss the iguana. The iguana bites you!
* * * LOW HITPOINT WARNING * * *
The iguana barely misses you. The iguana attacks as you move away!
The iguana barely misses you.
Aiming: Iceblast
Press: ? - help, Shift-Dir - straight line The mass of ice explodes!
The iceblast engulfs the iguana!
The iguana is almost dead.
The iguana bites you!
You die...

#................#
#.#
#................#
#.#
#......#######...#
#.# #....#..##
#...# ###.# #...
##..# #...###...#
#.. ##.#
#...##..### #.
#.#####......## #
##.l..##...####
#.@#8.>...##
#!..###.#.....
.......#..##.###
...#∩#.........#
###......#######
###....# #####8 #


You could see an iguana.

Vanquished Creatures
  An adder (D:4)
  An endoplasm (D:4)
  A hobgoblin (D:4)
  A quokka (D:4)
4 creatures vanquished.

Notes
Turn   | Place    | Note
-------+----------+-------------------------------------------
     0 | D:5      | browni3141 the Ogre Delver began the quest for the Orb.
     0 | D:5      | Reached XP level 1. HP: 24/24 MP: 1/1
   164 | D:4      | Reached XP level 2. HP: 9/33 MP: 2/2
   291 | D:4      | Found a sand-covered staircase.
   300 | D:4      | Slain by an iguana

Illustrated notes

Levels and vault maps discovered:
D:4:      layout_basic, tgw_kikubaaqudgha, lightli_ossuary_entry_decrepit_ruins
D:5:      layout_gridville, lemuel_doored_altar, mainiacjoe_overflow_alcove_1,
          minmay_temple_entry_statues_pillars

Skill      XL: |  1 |
---------------+----+-----
Maces & Flails | 2 |  2.3
Fighting       | |  4.4
Dodging        | |  1.7
Stealth        | |  3.7

Action                     || total
---------------------------++-------
  Melee: Mace              ||    33
         Punch             ||     1
  Evoke: Wand              ||     1
   Stab: Sleeping          ||     2
 Armour: Robe              ||    12
  Dodge: Dodged            ||    20
